 Dungeon Crawl Stone Soup version 0.31-a0-188-g5e087ee2ca (webtiles) character file.

Game seed: 15459586896803907592

42 qw the Shooter (level 3, 0/22 HPs)
             Began as a Deep Elf Hunter on June 23, 2023.
             Slain by Terence
             ... wielding a +0 trident
              (6 damage)
             ... on level 2 of the Dungeon.
             The game lasted 00:00:23 (971 turns).

qw the Shooter (Deep Elf Hunter)                     Turns: 971, Time: 00:00:24

Health: 0/22       AC:  7    Str: 10    XL:     3   Next: 35%
Magic:  5/5        EV: 11    Int: 13    God:
Gold:   20         SH:  0    Dex: 18    Spells: 2/2 levels left

rFire   . . .        Y - +0 shortbow
rCold   . . .        (shield currently unavailable)
rNeg    . . .        j - +0 ring mail
rPois   .            (no helmet)
rElec   .            f - +1 cloak
rCorr   .            (no gloves)
SInv    +            (no boots)
Will    .....        (no amulet)
Stlth   ++           k - ring of see invisible
HPRegen 0.23/turn    (no ring)
MPRegen 0.09/turn

%: no passive effects
@: no status effects
A: fangs 1, camouflage 1, robust 1, MP-powered wands
a: no special abilities


You were on level 2 of the Dungeon.
You visited 1 branch of the dungeon, and saw 2 of its levels.

You collected 20 gold pieces.


Innate Abilities, Weirdness & Mutations

You have very sharp teeth.
Your skin changes colour to match your surroundings (Stealth+).
You are robust. (+10% HP)
You expend magic power (3 MP) to strengthen your wands.


   Skills:
 - Level 1.5 Fighting
 + Level 6.9 Ranged Weapons
 - Level 2.4 Dodging
 - Level 1.2 Stealth


You had 2 spell levels left.
You didn't know any spells.
Your spell library was empty.

Inventory:

Hand Weapons
 Y - a +0 shortbow (weapon)
Armour
 f - a +1 cloak (worn)
 j - a +0 ring mail (worn)
Jewellery
 k - a ring of see invisible (left hand)
Scrolls
 a - a scroll of vulnerability {unknown}
Potions
 e - a potion of mutation

Dungeon Overview and Level Annotations

Branches:
Dungeon (2/15)

Altars:
Elyvilon

Annotations:
D:2 Terence


Message History

Enter note: Terence the Incautious comes into view.
He is wielding a +0 trident.
Enter note:
Enter note: You shoot an arrow.
The arrow hits Terence but does no damage.
Terence shouts!
You shoot an arrow. The arrow hits Terence.
Terence is lightly wounded.
An adder comes into view.
You shoot an arrow. The arrow hits the adder.
The adder is heavily wounded.
You shoot an arrow. The arrow hits Terence!
Terence is heavily wounded.
You shoot an arrow. The arrow closely misses Terence.
Terence hits you from afar with a +0 trident!
You shoot an arrow. The arrow hits Terence.
Terence is severely wounded.
Terence hits you from afar with a +0 trident.
The adder bites you but does no damage.
Terence hits you from afar with a +0 trident.
You shoot an arrow. The arrow barely misses the adder.
The adder misses you. Terence closely misses you.
You shoot an arrow. The arrow barely misses the adder.
The adder bites you but does no damage. Terence closely misses you.
The adder bites you but does no damage.
You shoot an arrow. The arrow barely misses the adder.
The adder closely misses you. Terence says, "How do you enjoy it?"
Terence barely misses you.
You shoot an arrow.
The arrow hits the adder but does no damage.
The adder is heavily wounded.
The adder closely misses you. Terence barely misses you.
The adder barely misses you.
Terence hits you from afar with a +0 trident!
You shoot an arrow. The arrow misses the adder.
The adder barely misses you.
Terence hits you from afar with a +0 trident.
You die...

.......... #........#
#........# ........#
#. .......# .. @.>.>.#
#. #S....#
#.#####@....###
#.#............
#.#.##......###
#####.#.##......#
######...#......#..###
#........###.........
..####<..# #.......#.#
### ##.## ##......#.#
###.# #......#.#


You could see Terence and an adder.

Vanquished Creatures
  2 dart slugs (D:1)
  9 ball pythons
  2 endoplasms (D:1)
  2 giant cockroaches (D:1)
  2 goblins (D:1)
  3 hobgoblins (D:1)
  4 jackals (D:1)
  3 quokkas (D:1)
  2 bats (D:1)
  A frilled lizard (D:1)
  A kobold (D:2)
  4 rats (D:1)
35 creatures vanquished.

Notes
Turn   | Place    | Note
-------+----------+-------------------------------------------
     0 | D:1      | qw the Deep Elf Hunter began the quest for the Orb.
     0 | D:1      | Reached XP level 1. HP: 12/12 MP: 3/3
     0 | D:1      | 0 ||| qw: Version: 0.3-a-9-g12657ce
     0 | D:1      | 0 ||| qw: Game counter: 3715
     0 | D:1      | 0 ||| qw: Always use a shield: true
     0 | D:1      | 0 ||| qw: God list: Okawaru
     0 | D:1      | 0 ||| qw: Allow faded altars: false
     0 | D:1      | 0 ||| qw: Do Orc after D:15 true
     0 | D:1      | 0 ||| qw: Do second Lair branch before Depths: true
     0 | D:1      | 0 ||| qw: Lair rune preference: random
     0 | D:1      | 0 ||| qw: Plans: Normal
     0 | D:1      | 0 ||| PLANNING D:1-11
   102 | D:1      | Reached skill level 6 in Ranged Weapons
   102 | D:1      | Reached XP level 2. HP: 16/16 MP: 4/4
   291 | D:1      | Found a faded altar of an unknown god.
   525 | D:1      | Reached XP level 3. HP: 20/20 MP: 5/5
   785 | D:1      | 785 ||| UPGRADING to +1 cloak.
   790 | D:1      | 790 ||| UPGRADING to +0 ring mail.
   800 | D:1      | 800 ||| DROPPING +0 leather armour.
   801 | D:1      | 801 ||| UPGRADING to ring of see invisible.
   802 | D:1      | 802 ||| READING 2 scrolls labelled OLLATWEBOATT.
   803 | D:1      | 803 ||| READING 2 scrolls labelled OLOISOWUETT.
   804 | D:1      | 804 ||| READING scroll labelled ASYGE QINID ORA.
   805 | D:1      | 805 ||| DRINKING 2 silvery potions.
   806 | D:1      | 806 ||| DRINKING 2 sedimented coppery potions.
   806 | D:1      | Gained mutation: You expend magic power (3 MP) to
                  | strengthen your wands. [potion of mutation]
   806 | D:1      | Gained mutation: Your skin changes colour to match your
                  | surroundings (Stealth+). [potion of mutation]
   806 | D:1      | Gained mutation: You are robust. (+10% HP) [potion of
                  | mutation]
   806 | D:1      | Gained mutation: You have very sharp teeth. [potion of
                  | mutation]
   814 | D:1      | 814 ||| DROPPING scroll of poison.
   815 | D:1      | 815 ||| DROPPING scroll of butterflies.
   816 | D:1      | 816 ||| DROPPING potion of attraction.
   817 | D:1      | 817 ||| DROPPING scroll of noise.
   925 | D:2      | Found a white marble altar of Elyvilon.
   960 | D:2      | Noticed Terence
   970 | D:2      | HP: 5/22 [Terence/+0 trident (8)]
   971 | D:2      | Slain by Terence

Levels and vault maps discovered:
D:1:      dpeg_chamrin_arrival_tetris, layout_basic,
          nicolae_ecumenical_snake_handling
D:2:      layout_loops_cross, basic_altar, uniq_terence

Skill      XL: |  1 |
---------------+----+-----
Ranged Weapons | 6 |  6.9
Fighting       | |  1.5
Dodging        | |  2.4
Stealth        | |  1.2

Action                     || total
---------------------------++-------
   Fire: Shortbow          ||    83
    Use: Scroll            ||     3
         Potion            ||     2
 Armour: Leather armour    ||     7
         Ring mail         ||     4
  Dodge: Dodged            ||    21

Table legend:
 A = Non-vault XP
 B = Vault XP
 C = Vault XP percentage of total XP
 D = Non-vault monster count
 E = Vault monster count
 F = Vault count percentage of total count
                 A         B        C        D         E       F
            +---------+---------+-------+---------+---------+-------
      Total |      57 |       4 |   6.6 |      33 |       2 |   5.7
            +---------+---------+-------+---------+---------+-------
        D:1 |      55 |       4 |   6.8 |      31 |       2 |   6.1
        D:2 |       2 |       0 |   0.0 |       2 |       0 |   0.0
            +---------+---------+-------+---------+---------+-------
